Map: Rhoskallian LE

Players

qqq - Winner!

  • Race: Zerg Zerg
  • League: Platinum
  • Spawn Location: 5:00

Massa - Winner!

  • Race: Terran Terran
  • League: Platinum
  • Spawn Location: 6:00

KorObaKinari

  • Race: Protoss Protoss
  • League: Gold
  • Spawn Location: 12:00

Lock

  • Race: Terran Terran
  • League: Platinum
  • Spawn Location: 11:00

VOD

Have the link to the VOD?

Description

Time

  • Played on: Sept. 29, 2020, 4:01 p.m.
  • Length: 12:09
Show
View Real Time Build Order
Export as new Build Order

qqq Zerg - Winner!

Build Orders: Hatch First 

Get SALT Encoding   

  12  0:05  Drone  
  13  0:09  Drone  
  14  0:42  Hatchery  
  13  0:50  Drone  
  14  1:03  Spawning Pool  
  13  1:06  Extractor  
  13  1:07  Overlord  
  12  1:11  Drone  
  12  1:16  Drone  
  14  1:27  Drone  
  14  1:30  Drone  
  16  1:40  Drone  
  19  1:56  Queen  
  21  2:01  Drone  
  21  2:05  Drone  
  21  2:09  Lair  
  21  2:11  Drone  
  21  2:15  Drone  
  23  2:17  Zergling x2  
  24  2:26  Zergling x2  
  24  2:27  Drone x2  
  27  2:35  Overlord  
  27  2:37  Drone  
  28  2:45  Metabolic Boost  
  28  2:54  Zergling x4  
  28  2:56  Zergling x2  
  31  3:06  Zergling x2  
  31  3:07  Zergling x2  
  33  3:17  Zergling x2  
  33  3:18  Zergling x2  
  35  3:21  Zergling x2  
  36  3:30  Overlord  
  36  3:31  Overlord  
  36  3:32  Overlord  
  36  3:45  Pneumatized Carapace  
  36  3:49  Overlord  
  36  3:50  Overlord  
  36  3:52  Zergling x6  
  36  3:53  Zergling x4  
  41  4:08  Zergling x4  
  43  4:11  Zergling x4  
  45  4:31  Zergling x6  
  44  4:50  Zergling x4  
  44  4:51  Zergling x4  
  39  4:58  Overseer  
  39  4:59  Zergling x2  
  38  5:00  Drone  
  38  5:01  Queen  
  38  5:06  Hatchery  
  40  5:08  Spore Crawler  
  40  5:10  Spore Crawler  
  40  5:11  Drone  
  40  5:12  Drone  
  31  5:33  Drone x2  
  32  5:37  Zergling x6  
  35  5:47  Zergling x2  
  36  5:52  Zergling x2  
  36  5:53  Roach Warren  
  34  6:25  Drone x4  
  37  6:26  Drone x2  
  40  6:34  Baneling Nest  
  39  6:43  Zergling x6  
  39  6:44  Drone  
  39  6:45  Drone x3  
  46  6:49  Extractor  
  45  6:54  Drone x2  
  45  6:55  Drone x2  
  45  6:58  Roach x2  
  45  6:59  Zergling x2  
  54  7:15  Spore Crawler  
  43  7:33  Roach x4  
  43  7:34  Drone x2, Roach  
  43  7:35  Drone x4  
  43  7:36  Drone x2  
  60  7:47  Glial Reconstitution  
  60  7:51  Roach x2  
  64  7:55  Extractor  
  64  7:56  Ravager x2  
  64  7:57  Zergling x2  
  64  7:58  Zergling x6  
  61  8:22  Hatchery  
  61  8:25  Drone x3  
  61  8:26  Roach  
  61  8:27  Roach x4  
  65  8:42  Hatchery  
  65  8:47  Hatchery  
  61  8:54  Roach x3  
  61  8:56  Drone, Zergling x4  
  61  8:57  Drone x4  
  68  9:10  Overlord  
  68  9:11  Overlord x2  
  68  9:22  Extractor  
  68  9:23  Baneling x3  
  67  9:28  Queen  
  69  9:32  Zergling x2  
  69  9:33  Zergling x2  
  71  9:44  Zergling x10  
  71  9:45  Drone x2  
  78  9:49  Queen  
  80  9:55  Baneling x5  
  80  10:15  Zergling x8, Roach x2  
  80  10:16  Zergling x6  
  80  10:17  Drone  
  80  10:18  Drone x7  
  80  10:21  Baneling x4  
  99  10:22  Baneling  
  99  10:25  Zergling x4  
  99  10:26  Drone, Zergling x2  
  103  10:40  Zergling x8  
  103  10:41  Drone x2, Zergling x2  
  98  11:15  Roach x5  
  98  11:16  Drone, Roach x5  
  98  11:17  Drone x4  
  110  11:23  Drone x4  
  96  11:45  Drone x6  
  102  11:47  Roach  
  102  11:48  Roach  
  105  11:55  Spire  
  105  11:58  Hatchery  
  109  12:02  Hatchery  
Show
View Real Time Build Order
Export as new Build Order

Massa Terran - Winner!

Build Orders:  

Get SALT Encoding   

  12  0:00  SCV  
  13  0:12  SCV  
  14  0:24  SCV  
  14  0:25  Supply Depot  
  15  0:46  SCV, Barracks  
  16  0:56  Refinery  
  16  0:58  SCV  
  16  1:00  Refinery  
  17  1:10  SCV  
  18  1:22  SCV  
  19  1:33  Marine  
  19  1:34  SCV  
  21  1:43  Factory  
  22  1:52  Orbital Command  
  21  1:58  Reaper  
  22  2:20  SCV  
  23  2:39  Command Center  
  23  2:53  Barracks Tech Lab  
  23  2:58  Supply Depot  
  23  3:04  Supply Depot  
  23  3:06  Supply Depot  
  23  3:20  SCV, Hellion, Marauder  
  28  3:32  SCV  
  29  3:42  Hellion, Marauder  
  33  3:53  Barracks  
  33  3:59  Orbital Command  
  33  4:01  SCV  
  34  4:03  Hellion  
  34  4:06  Engineering Bay  
  36  4:10  Engineering Bay  
  36  4:13  Starport, SCV  
  37  4:24  Widow Mine  
  39  4:52  Missile Turret x2  
  39  4:59  Hellion  
  41  5:03  Missile Turret  
  41  5:07  Missile Turret  
  41  5:10  SCV x2, Missile Turret  
  43  5:15  Barracks Reactor  
  43  5:21  Hellion  
  45  5:22  SCV  
  46  5:36  Stimpack  
  46  5:42  Hellion  
  45  5:52  Bunker  
  45  5:53  Bunker  
  33  6:12  Marauder, Marine x2  
  33  6:15  SCV x2  
  39  6:23  Barracks  
  39  6:25  Barracks  
  39  6:27  SCV  
  39  6:28  SCV  
  39  6:30  Marine x2  
  43  6:36  Factory  
  43  6:37  Starport Tech Lab  
  44  6:40  SCV x2  
  45  6:47  Marine x2  
  45  6:52  SCV x2  
  49  6:56  Barracks  
  49  6:58  Banshee  
  52  7:01  Cloaking Field  
  52  7:05  Marine x2  
  54  7:16  Combat Shield  
  54  7:20  Marine  
  54  7:21  Marauder, Marine  
  57  7:23  Marine x2  
  54  7:36  Factory Tech Lab  
  54  7:39  Factory Tech Lab  
  54  7:55  Marine x3  
  54  7:58  Banshee, Marine  
  54  7:59  Marauder  
  50  8:13  Marine x3  
  50  8:18  Barracks Reactor  
  51  8:20  Marauder  
  51  8:22  Marine  
  54  8:34  Concussive Shells  
  54  8:36  Supply Depot  
  54  8:37  Supply Depot  
  54  8:40  Barracks Tech Lab  
  54  8:43  Barracks Reactor  
  54  8:57  Banshee, Siege Tank  
  54  8:58  Marauder, Marine x2, Siege Tank  
  67  9:19  Marauder  
  69  9:30  Marine  
  70  10:11  Terran Infantry Weapons Level 1, Supply Depot  
  70  10:24  Supply Depot  
  70  10:32  Marine x3  
  70  10:33  Marauder, Siege Tank  
  78  10:45  Banshee, Marine x3  
  78  10:46  Marauder  
  86  11:02  Supply Depot x2  
  86  11:03  Marine x3  
  86  11:05  Supply Depot  
  86  11:06  Supply Depot  
  86  11:09  Supply Depot  
  86  11:23  Marine x6, Siege Tank x2  
  86  11:24  Marauder x2  
  102  11:32  SCV x2  
  104  11:41  Marine x6  
  104  11:44  SCV x2  
  104  11:45  Marauder x2  
  116  11:49  Command Center  
  116  11:56  SCV x2  
Show
View Real Time Build Order
Export as new Build Order

KorObaKinari Protoss 

Build Orders: Dark Templar Rush 

Get SALT Encoding   

  12  0:02  Probe  
  13  0:14  Pylon  
  13  0:19  Probe  
  14  0:25  Assimilator  
  14  0:41  Gateway  
  14  0:51  Probe (Chrono Boost)  
  15  1:02  Probe (Chrono Boost)  
  16  1:07  Probe (Chrono Boost)  
  16  1:08  Assimilator  
  17  1:29  Cybernetics Core  
  17  1:39  Probe (Chrono Boost)  
  18  1:50  Probe (Chrono Boost), Zealot  
  21  1:55  Probe (Chrono Boost)  
  22  2:06  Probe  
  23  2:09  Twilight Council  
  23  2:13  Pylon  
  23  2:15  Warp Gate (Chrono Boost)  
  23  2:32  Stalker  
  23  2:35  Probe  
  26  2:42  Robotics Facility  
  26  2:47  Probe  
  27  2:55  Dark Shrine  
  27  3:12  Gateway  
  27  3:19  Shield Battery  
  27  3:25  Gateway  
  27  3:28  Pylon  
  27  3:40  Warp Prism (Chrono Boost)  
  29  3:53  Pylon  
  29  4:00  Gateway  
  29  4:15  Gateway  
  6  5:11  Dark Templar  
  6  5:12  Dark Templar  
  8  5:31  Probe (Chrono Boost)  
  6  6:40  Probe  
  7  7:02  Probe  
  8  7:37  Probe (Chrono Boost)  
  9  7:48  Probe (Chrono Boost)  
  10  7:53  Probe (Chrono Boost)  
  11  8:03  Probe  
  12  8:15  Probe (Chrono Boost)  
  12  8:28  Probe (Chrono Boost)  
  12  8:35  Probe (Chrono Boost)  
  12  8:39  Zealot  
  15  8:42  Probe  
  16  8:52  Shield Battery  
  16  8:54  Probe  
  17  9:03  Zealot  
  19  9:20  Zealot  
  19  9:21  Zealot  
  23  9:53  Shield Battery  
  23  9:55  Probe  
  23  9:58  Stalker  
  26  10:06  Stalker  
  28  10:07  Probe (Chrono Boost)  
  29  10:19  Probe (Chrono Boost)  
  30  10:27  Probe (Chrono Boost)  
  31  10:31  Stalker  
  34  10:35  Probe (Chrono Boost)  
  34  10:40  Probe (Chrono Boost)  
  13  11:46  Zealot x2  
Show
View Real Time Build Order
Export as new Build Order

Lock Terran 

Build Orders: Liberator Opening 

Get SALT Encoding   

  12  0:01  SCV  
  13  0:13  SCV  
  14  0:19  Supply Depot  
  14  0:25  SCV  
  15  0:42  Barracks  
  15  0:44  SCV  
  16  0:51  Refinery  
  16  0:54  Refinery  
  16  0:56  SCV  
  17  1:08  SCV  
  18  1:19  Supply Depot  
  18  1:22  SCV  
  19  1:34  SCV  
  20  1:42  Barracks Reactor  
  20  1:52  SCV  
  21  1:55  Factory  
  21  2:04  SCV  
  22  2:17  Orbital Command  
  22  2:19  Marine x2  
  24  2:25  Supply Depot  
  24  2:37  Marine x2  
  24  2:38  Factory Tech Lab  
  24  2:41  Starport  
  26  2:44  SCV  
  27  2:57  Siege Tank  
  27  2:58  Marine x2  
  32  3:08  Supply Depot  
  32  3:16  Marine x2  
  32  3:18  Medivac  
  36  3:31  Siege Tank  
  36  3:34  Marine x2  
  41  3:51  Marine  
  41  3:52  Marine  
  41  3:55  Liberator, Supply Depot  
  46  4:09  Marine  
  47  4:16  Marine  
  48  4:18  Supply Depot  
  48  4:22  Siege Tank  
  51  4:27  Marine  
  52  4:34  Marine  
  53  4:41  Supply Depot  
  53  4:45  Marine  
  54  4:52  Marine  
  34  5:17  SCV  
  35  5:24  Marine x2  
  35  5:26  Siege Tank  
  40  5:30  SCV  
  41  5:42  Marine x2  
  43  6:00  Marine x2  
  45  6:17  Siege Tank  
  45  6:18  Marine x2  
  49  6:20  SCV  
  51  6:32  SCV  
  52  6:44  SCV, Marine x2  
  55  6:56  SCV  
  56  7:03  Refinery  
  56  7:06  Marine x2  
  58  7:08  SCV  
  59  7:20  SCV  
  55  7:32  SCV  
  54  7:39  Marine  
  54  7:40  Marine  
  56  7:45  SCV  
  57  7:57  Marine x2  
  40  8:17  Marine x2  
  35  8:34  Marine  
  35  8:35  Marine  
  28  8:52  Marine x2  
  28  8:54  Siege Tank  
  33  8:57  Medivac  
  30  9:10  Marine x2  
  32  9:26  Siege Tank  
  32  9:27  Medivac  
  32  9:28  Marine x2  
  35  10:06  SCV  
  36  10:12  Engineering Bay  
  36  10:14  Marine x2  
  36  10:18  SCV  
  39  10:30  SCV  
  39  10:32  Marine x2  
  42  10:42  SCV  
  43  10:47  Liberator  
  46  10:54  SCV  
  32  11:25  Missile Turret  
  32  11:31  Marine x2  
  31  11:44  SCV  
  32  11:49  Marine  
  34  11:56  SCV  
Tags
 
Add a new tag
Caveats
  • Supply blocks, unpowered buildings, or Contaminate may cause inaccurate times.
  • Supply counts are checked every 10 seconds.